 Dungeon Crawl Stone Soup version 0.16.1-18-g436b03c (webtiles) character file.

1094 tesudzi the Jinx (level 8, -1/58 HPs)
             Began as a Vampire Enchanter on May 12, 2015.
             Slain by tesudzi's ghost (8 damage)
             ... in an ossuary.
             The game lasted 00:20:08 (5460 turns).

tesudzi the Jinx (Vampire Enchanter)                Turns: 5460, Time: 00:20:09

Health: -1/58      AC: 13    Str:  7    XL:     8   Next: 9%
Magic:  9/16       EV: 15    Int: 17    God:
Gold:   203        SH:  0    Dex: 20    Spells: 3 memorised, 7 levels left

rFire  . . .     SeeInvis +     f - +1 dagger (venom)
rCold  + + +     Clarity  .     b - +1 robe
rNeg   + + +     SustAb   .     (no shield)
rPois  +         Gourm    .     n - +1 helmet
rElec  .         Spirit   .     w - +1 cloak
rCorr  .         Warding  .     r - +2 pair of gloves (curse)
rMut   .         Rnd*Tele +     k - +2 pair of boots
MR     .....                    (no amulet)
Stlth  +++++.....               y - +4 ring of strength
                                a - ring of Vanity {+/*Tele rC++ Str-4 Dex+4}

@: regenerating slowly, not resistant to hostile enchantments, quite stealthy
A: bottle blood, fangs 3, see invisible, unbreathing
a: Bat Form, Evoke Teleportation


You were in an ossuary.
You were near bloodless.

You visited 1 branch of the dungeon, and saw 5 of its levels.
You also visited: Ossuary.

You collected 203 gold pieces.

Inventory:

Hand weapons
 f - a +1 dagger of venom (weapon)
 j - a +0 dagger of venom
Armour
 b - a +1 robe (worn)
 k - a +2 pair of boots (worn)
 n - a +1 helmet (worn)
 r - a cursed +2 pair of gloves (worn)
 w - a +1 cloak (worn)
Jewellery
 a - the ring of Vanity (left hand) {+/*Tele rC++ Str-4 Dex+4}
   (You found it on level 5 of the Dungeon)

   [ring of teleportation]

   It causes random teleportation, and can be evoked to teleport at will.
   It affects your strength (-4).
   It affects your dexterity (+4).
   It greatly protects you from cold.
 h - an uncursed ring of teleport control
 m - an uncursed ring of wizardry
 y - a +4 ring of strength (right hand)
Magical devices
 d - a wand of frost (7)
 t - a wand of flame (48)
 u - a wand of magic darts (12)
Scrolls
 e - 2 scrolls of remove curse
 s - 2 scrolls of amnesia
Potions
 g - a potion of flight
 i - a potion of might
 l - 2 potions of agility
 o - 3 potions of restore abilities
 p - a potion of magic {unknown}
 q - 5 potions of haste {unknown}
 v - a potion of lignification
 x - a potion of poison {unknown}
 z - a potion of resistance {unknown}
 A - a potion of invisibility {unknown}
Books
 c - a book of Maledictions

   Spells                             Type                      Level
   a - Corona                         Hexes                        1
   b - Sure Blade                     Hexes/Charms                 2
   c - Ensorcelled Hibernation        Hexes/Ice                    2
   d - Confuse                        Hexes                        3
   e - Dazzling Spray                 Conjuration/Hexes            3
   f - Enslavement                    Hexes                        4


   Skills:
 + Level 3.3 Fighting
 - Level 2.5 Short Blades
 + Level 3.9 Dodging
 - Level 8.1 Stealth
 + Level 3.4 Spellcasting
 - Level 9.1 Hexes


You had 7 spell levels left.
You knew the following spells:

 Your Spells              Type           Power        Failure   Level  Hunger
a - Corona                Hex            ####...      1%          1    None
b - Ensorcelled Hibernat  Hex/Ice        ###...       4%          2    ##.....
c - Confuse               Hex            ####....     1%          3    ###....


Dungeon Overview and Level Annotations

Branches:
Dungeon (5/15)
 Temple: D:4-7

Altars:
Fedhas

Shops:
D:4 [

Annotations:
Ossuary tesudzi's ghost, experienced VSMo


Innate Abilities, Weirdness & Mutations

You heal slowly.
You can bottle blood from corpses.
You have razor-sharp teeth.
You have supernaturally acute eyesight.
You can survive without breathing.


Message History

e - 2 scrolls of remove curse (gained 1)
The mummy hits you. Tesudzi's ghost closely misses you.
The mummy barely misses you.
You see here a metallic sapphire potion.
A - a metallic sapphire potion Tesudzi's ghost hits you!
* * * LOW HITPOINT WARNING * * *
The mummy misses you. Tesudzi's ghost closely misses you.
You see here a scroll of immolation.
You see here 2 golden potions.
q - 4 golden potions (gained 2)
The mummy closely misses you. Tesudzi's ghost misses you.
The hobgoblin zombie closely misses you.
You see here a golden potion.
q - 5 golden potions (gained 1)
The hobgoblin zombie misses you. The hobgoblin zombie barely misses you.
The mummy hits you!
* * * LOW HITPOINT WARNING * * *
Tesudzi's ghost hits you!
You die...

##################
#∩..#...#.M@.#...#...#
#...'.∩.#.?ZW'.∩.'...#
#...#...#....#...#...#
#^..############## ..#
#.^.# # ##'## #.^^#
#...# #^.^#


You could see a mummy, tesudzi's ghost and a hobgoblin zombie.

Vanquished Creatures
  Grinder (D:3)
  An ogre (D:4)
  Sigmund (D:3)
  A water moccasin zombie (Ossuary)
  2 crimson imps
  2 jellies (D:5)
  A centaur zombie (D:5)
  An orc priest (D:4)
  Crazy Yiuf (D:3)
  2 giant frog skeletons (D:4)
  4 worker ants
  2 orc wizards (D:4)
  Natasha (thrice) (D:3)
  A mummy (Ossuary)
  4 adders (D:3)
  3 giant mites
  7 worms
  2 oozes
  17 orcs
  5 giant cockroaches
  7 goblins
  5 hobgoblins
  5 jackals
  3 ball pythons (D:3)
  9 bats
  3 giant geckos
  A giant gecko skeleton (D:5)
  2 giant newts
  A gnoll zombie (Ossuary)
  3 hobgoblin zombies (Ossuary)
  A jackal skeleton (D:5)
  5 kobolds
  2 kobold zombies (Ossuary)
  2 orc zombies (Ossuary)
  A quokka skeleton (D:4)
  7 rats
118 creatures vanquished.

Vanquished Creatures (others)
  A fungus (D:2)
1 creature vanquished.

Grand Total: 119 creatures vanquished

Notes
Turn   | Place    | Note
--------------------------------------------------------------
     0 | D:1      | tesudzi, the Vampire Enchanter, began the quest for the Orb.
     0 | D:1      | Reached XP level 1. HP: 13/13 MP: 3/3
   558 | D:1      | Reached skill level 5 in Hexes
   558 | D:1      | Reached XP level 2. HP: 19/19 MP: 4/4
   624 | D:1      | Learned a level 2 spell: Ensorcelled Hibernation
  1219 | D:2      | Reached XP level 3. HP: 2/24 MP: 3/6
  1559 | D:2      | Reached skill level 6 in Hexes
  1614 | D:2      | Found a blossoming altar of Fedhas.
  1636 | D:2      | Reached skill level 5 in Stealth
  1754 | D:3      | You fall through a shaft!
  1757 | D:4      | Reached XP level 4. HP: 23/30 MP: 7/7
  1887 | D:4      | Reached skill level 7 in Hexes
  1887 | D:4      | Reached XP level 5. HP: 14/35 MP: 0/9
  1948 | D:4      | Learned a level 3 spell: Confuse
  2312 | D:4      | Noticed an ogre
  2751 | D:3      | Noticed Grinder
  2811 | D:3      | Killed Grinder
  2811 | D:3      | Reached skill level 8 in Stealth
  2811 | D:3      | Reached XP level 6. HP: 31/41 MP: 7/10
  2842 | D:3      | Noticed Natasha
  2851 | D:3      | Killed Natasha
  3024 | D:3      | Noticed Crazy Yiuf
  3035 | D:3      | Killed Crazy Yiuf
  3035 | D:3      | Reached skill level 1 in Fighting
  3444 | D:3      | Noticed Sigmund
  3450 | D:3      | Killed Sigmund
  3450 | D:3      | Reached skill level 9 in Hexes
  3450 | D:3      | Reached XP level 7. HP: 48/48 MP: 12/12
  3567 | D:3      | Noticed Natasha
  3611 | D:3      | Killed Natasha
  3770 | D:3      | Noticed Natasha
  3777 | D:3      | Killed Natasha
  3859 | D:4      | Killed an ogre
  4097 | D:4      | Found Shey's Armour Emporium.
  4973 | D:5      | Entered Level 5 of the Dungeon
  5138 | D:5      | Got a brightly glowing marble ring
  5140 | D:5      | Identified the ring of Vanity {+/*Tele rC++ Str-4 Dex+4} (You found it on level 5 of the Dungeon)
  5334 | D:5      | Reached XP level 8. HP: 56/58 MP: 16/16
  5371 | D:5      | Found a sand-covered staircase.
  5379 | Ossuary  | Entered an ossuary
  5418 | Ossuary  | Noticed tesudzi's ghost (experienced VSMo)
  5460 | Ossuary  | Slain by tesudzi's ghost

Action                   |  1- 3 |  4- 6 |  7- 9 || total
-------------------------+-------+-------+-------++-------
Melee: Dagger            |    89 |   142 |   136 ||   367
 Cast: Corona            |     2 |       |       ||     2
       Ensorcelled Hiber |     3 |    12 |    20 ||    35
       Confuse           |       |     3 |    12 ||    15
 Abil: Evoke Teleport Co |       |       |     1 ||     1
  Use: Potion            |       |     2 |     1 ||     3
       Scroll            |       |     8 |     4 ||    12
 Stab: Sleeping          |    11 |    14 |    27 ||    52
       Confused          |       |     1 |     2 ||     3
  Eat: Corpse            |     4 |     6 |     3 ||    13
